 Dungeon Sprint DCSS version 0.23.2-40-g277498a001 (webtiles) character file.

Game seed: 11433083795653944680

40064 Cryoshakespeare the Slayer (level 14, -1/280 HPs)
             Began as an Ogre Berserker on Sept 23, 2019.
             Was the Champion of Trog.
             Killed from afar by a lich (17 damage)
             ... with a bolt of lightning
             ... in the Dungeon (Sprint IX: "|||||||||||||||||||||||||||||").
             The game lasted 00:18:59 (4892 turns).

Cryoshakespeare the Slayer (Ogre Berserker)         Turns: 4892, Time: 00:18:59

Health: -1/280     AC: 19    Str: 33    XL:     14   Next: 9%
Magic:  14/14      EV: 13    Int:  8    God:    Trog [******]
Gold:   1909       SH:  0    Dex:  8    Spells: 13/13 levels left

rFire    + . .     SeeInvis +   z - +5 giant spiked club of the Vase {crush, +Blink SInv}
rCold    x . .     Gourm    .   (shield currently unavailable)
rNeg     . . .     Faith    .   b - +0 storm dragon scales
rPois    .         Spirit   .   (helmet restricted)
rElec    +         Reflect  .   a - +0 cloak
rCorr    .         Harm     .   (gloves unavailable)
MR       +....     NoTele   +   (boots unavailable)
Stlth    ..........             (no amulet)
HPRegen  0.56/turn              F - ring of fire
MPRegen  0.14/turn              p - +2 ring of protection

@: berserking, very quick
A: large, unfitting armour, tough skin 1
a: Berserk, Trog's Hand, Brothers in Arms, Renounce Religion, Evoke Blink


You were in the Dungeon.
You worshipped Trog.
Trog was exalted by your worship.
You were hungry.

You visited 1 branch You collected 1909 gold pieces.

Inventory:

Hand Weapons
 t - the +7 giant spiked club "Wuqo" {crush, rC++ MR+ Dex-3}
   (Trog gifted it to you in the Dungeon)

   It inflicts extra damage upon your enemies.
   It affects your dexterity (-3).
   It greatly protects you from cold.
   It affects your resistance to hostile enchantments.
 z - the +5 giant spiked club of the Vase (weapon) {crush, +Blink SInv}
   (Trog gifted it to you in the Dungeon)

   It inflicts extra damage upon your enemies.
   It lets you see invisible.
   It lets you blink.
 A - the +1 dire flail of Awkwardness {crush, rC+ rN+ Int+2}
   (Trog gifted it to you in the Dungeon)

   It inflicts extra damage upon your enemies.
   It affects your intelligence (+2).
   It protects you from cold.
   It protects you from negative energy.
 C - a +9 antimagic giant spiked club
 G - the +2 great mace of Ytyn {crush, *Drain rF++ Int+4}
   (You found it in the Dungeon)

   It inflicts extra damage upon your enemies.
   It affects your intelligence (+4).
   It greatly protects you from fire.
   It causes draining when unequipped.
Missiles
 B - 14 large rocks (quivered)
 H - a throwing net
Armour
 a - a +0 cloak (worn)
 b - +0 storm dragon scales (worn)
 n - +0 swamp dragon scales
 v - a +0 troll leather armour
Jewellery
 o - a +2 ring of evasion
 p - a +2 ring of protection (right hand)
 D - an uncursed ring of protection from magic
 E - an uncursed ring of protection from magic
 F - a ring of fire (left hand)
Wands
 m - a wand of iceblast (22)
 J - a wand of polymorph (5)
Scrolls
 i - 2 scrolls of blinking
 l - 6 scrolls of remove curse
 q - 2 scrolls of identify
 r - 8 scrolls of enchant weapon
 s - a scroll of fog
 u - a scroll of fear
 y - a scroll of enchant armour
Potions
 c - 3 potions of agility
 d - 9 potions of curing
 e - a potion of heal wounds
 f - 2 potions of haste
 g - 4 potions of magic
 h - a potion of berserk rage
 j - 2 potions of brilliance
 k - 2 potions of invisibility
 w - a potion of mutation
Comestibles
 x - 9 rations
 I - 4 chunks of flesh


   Skills:
 + Level 23.7 Fighting
 + Level 17.9 Maces & Flails
 + Level 10.4 Throwing
 + Level 10.5 Armour
 - Level 17.4 Dodging


You had 13 spell levels left.
You didn't know any spells.
Your spell library was empty.

Dungeon Overview and Level Annotations

Branches:
Dungeon (1/1)

Altars:
Cheibriados
Dithmenos
Elyvilon
Fedhas
Gozag
Hepliaklqana
Kikubaaqudgha
Makhleb
Nemelex Xobeh
Okawaru
Qazlal
Ru
Sif Muna
Trog
Uskayaw
Vehumet
Wu Jian
Xom
Yredelemnul
Zin
The Shining One
Beogh
Jiyva
Lugonu

Shops:
D ?:[!


Innate Abilities, Weirdness & Mutations

You are too large for most types of armour.
You have tough skin. (AC +1)


Message History

The bolt of cold misses you.
You barely miss the frost giant.
The frost giant is almost dead.
A stone giant comes into view.
The stone giant shouts!
You beat the frost giant like a drum!!!
You kill the frost giant!
Trog accepts your kill. Something appears at your feet!
Trog grants you a weapon!
Trog appreciates your killing of a magic user.
The lich points at you and mumbles some strange words.
The bolt of lightning misses you.
Press: ? - help, v - describe, . - travel, g - get item A glowing hunting sling {god gift}.
There is something else lying underneath.
The floor, spattered with blood.
The lich points at you and mumbles some strange words.
The bolt of lightning hits you! You resist.
You die...

▓▓▓▓▓▓▓▓▓▓▓▓▓▓▓▓▓▓▓▓▓▓▓▓
.CRCCXL@)'(.............
▓▓▓▓▓▓▓▓▓▓▓▓▓▓▓▓▓▓▓▓▓▓▓▓▓▓▓▓▓▓▓▓▓
..)...................)).........
▓▓▓▓▓▓▓▓▓▓▓▓▓▓▓▓▓▓▓▓▓▓▓▓▓▓▓▓▓▓▓▓▓
)....().))'(....[).))............
▓▓▓▓▓▓▓▓▓▓▓▓▓▓▓▓▓▓▓▓▓▓▓▓▓▓▓▓▓▓▓▓▓
......)).........................
▓▓▓▓▓▓▓▓▓▓▓▓▓▓▓▓▓▓▓▓▓▓▓▓▓▓▓▓▓▓▓▓▓
.....[[.[[.[.)))))))).=...'......


You could see a tentacled monstrosity, a fire giant, a stone giant, a lich, an
ettin and a rakshasa.

Vanquished Creatures
  Rupert (D)
  A nagaraja (D)
  A frost giant (D)
  A ghost moth (D)
  3 stone giants (D)
  Azrael (D)
  Snorg (D)
  A spark wasp (D)
  2 naga warriors (D)
  An ice dragon (D)
  3 hydras (D)
  Erolcha (D)
  A rakshasa (D)
  A merfolk avatar (D)
  A deep troll shaman (D)
  2 ogre magi (D)
  2 alligators (D)
  A deep troll earth mage (D)
  Nergalle (D)
  A shock serpent (D)
  A skeletal warrior (D)
  A salamander mystic (D)
  A sea snake (D)
  2 deep trolls (D)
  A wizard (D)
  A mana viper (D)
  An orb spider (D)
  2 harpies (D)
  A manticore (D)
  A merfolk siren (D)
  Maurice (D)
  4 elephants (D)
  A black mamba (D)
  A naga mage (D)
  2 spiny frogs (D)
  A komodo dragon (D)
  A demonic crawler (D)
  A yaktaur (D)
  A merfolk (D)
  A jumping spider (D)
  A hornet (D)
  A hippogriff (D)
  A snapping turtle (D)
  A wraith (D)
  A yak (D)
  A tarantella (D)
  A fire elemental (D)
  2 basilisks (D)
  Eustachio (D)
  A vampire mosquito (D)
  A warg (shapeshifter) (D)
  A naga (D)
  A water moccasin (D)
  3 hell hounds (D)
  2 swamp drakes (D)
  2 porcupines (D)
  5 orc warriors (D)
  A centaur (D)
  A crocodile (D)
  A big kobold (D)
  7 bullfrogs (D)
  2 crimson imps (D)
  A jelly (D)
  An orc priest (D)
  4 orc wizards (D)
  An adder (D)
  A shadow imp (D)
  An ooze (D)
  A dart slug (D)
  6 orcs (D)
  A bat (D)
  A goblin (D)
  A kobold (D)
  A quokka (D)
  A rat (D)
112 creatures vanquished.

Vanquished Creatures (collateral kills)
  An ogre mage (D)
  2 hydras (D)
  5 deep trolls (D)
  An orc knight (D)
  An orb spider (D)
  A wolf spider (D)
  4 elephants (D)
  2 jumping spiders (D)
  5 trolls (D)
  A dream sheep (D)
  A hippogriff (D)
  7 orc warriors (D)
  3 crocodiles (D)
  2 bullfrogs (D)
  An orc wizard (D)
  A worker ant (D)
  2 orcs (D)
40 creatures vanquished.

Vanquished Creatures (others)
  A swamp dragon (D)
1 creature vanquished.

Grand Total: 153 creatures vanquished

Notes
Turn   | Place    | Note
-------+----------+-------------------------------------------
     0 | D        | Cryoshakespeare the Ogre Berserker began the quest for the
                  | Orb.
     0 | D        | Reached XP level 1. HP: 24/24 MP: 1/1
    14 | D        | Reached ** piety under Trog
    19 | D        | Reached skill level 5 in Fighting
    19 | D        | Reached XP level 2. HP: 26/35 MP: 2/2
   100 | D        | Noticed a crimson imp
   115 | D        | Reached *** piety under Trog
   121 | D        | Reached skill level 6 in Fighting
   121 | D        | Reached XP level 3. HP: 31/44 MP: 3/3
   130 | D        | Reached skill level 7 in Fighting
   130 | D        | Reached XP level 4. HP: 34/55 MP: 4/4
   296 | D        | Found a roughly hewn altar of Beogh.
   296 | D        | Found a snail-covered altar of Cheibriados.
   296 | D        | Found a shadowy altar of Dithmenos.
   296 | D        | Found a white marble altar of Elyvilon.
   296 | D        | Found a blossoming altar of Fedhas.
   296 | D        | Found an opulent altar of Gozag.
   297 | D        | Found a hazy altar of Hepliaklqana.
   298 | D        | Found a viscous altar of Jiyva.
   299 | D        | Found an ancient bone altar of Kikubaaqudgha.
   300 | D        | Found a corrupted altar of Lugonu.
   301 | D        | Found a burning altar of Makhleb.
   302 | D        | Found a sparkling altar of Nemelex Xobeh.
   303 | D        | Found an iron altar of Okawaru.
   304 | D        | Found a stormy altar of Qazlal.
   305 | D        | Found a sacrificial altar of Ru.
   306 | D        | Found a deep blue altar of Sif Muna.
   307 | D        | Found a bloodstained altar of Trog.
   308 | D        | Found a hide-covered altar of Uskayaw.
   309 | D        | Found a radiant altar of Vehumet.
   310 | D        | Found an ornate altar of the Wu Jian Council.
   311 | D        | Found a shimmering altar of Xom.
   312 | D        | Found a basalt altar of Yredelemnul.
   313 | D        | Found a glowing silver altar of Zin.
   314 | D        | Found a glowing golden altar of the Shining One.
   349 | D        | Noticed a bullfrog
   349 | D        | Noticed an orc warrior
   349 | D        | Noticed a big kobold
   349 | D        | Noticed a hippogriff
   351 | D        | Reached **** piety under Trog
   351 | D        | Reached skill level 5 in Maces & Flails
   351 | D        | Reached skill level 5 in Dodging
   361 | D        | Killed a hippogriff
   361 | D        | Reached skill level 10 in Fighting
   361 | D        | Reached XP level 5. HP: 68/68 MP: 5/5
   361 | D        | Reached XP level 6. HP: 78/78 MP: 6/6
   368 | D        | Killed an orc warrior
   368 | D        | Reached skill level 11 in Fighting
   368 | D        | Reached XP level 7. HP: 72/88 MP: 7/7
   371 | D        | Reached ***** piety under Trog
   527 | D        | Noticed a basilisk
   527 | D        | Noticed a yak
   534 | D        | Killed a yak
   534 | D        | Reached skill level 12 in Fighting
   542 | D        | Killed a basilisk
   542 | D        | Reached skill level 13 in Fighting
   542 | D        | Reached XP level 8. HP: 43/102 MP: 8/8
   883 | D        | Noticed Eustachio
   888 | D        | Killed Eustachio
   888 | D        | Reached skill level 10 in Maces & Flails
   888 | D        | Reached skill level 10 in Dodging
  1056 | D        | Noticed a six-headed hydra
  1057 | D        | Received a gift from Trog
  1061 | D        | Reached skill level 14 in Fighting
  1063 | D        | Noticed a spiny frog
  1070 | D        | Killed a six-headed hydra
  1070 | D        | Reached skill level 15 in Fighting
  1070 | D        | Reached XP level 9. HP: 28/115 MP: 9/9
  1080 | D        | Killed a spiny frog
  1080 | D        | Received a gift from Trog
  1455 | D        | Noticed a five-headed hydra
  1455 | D        | Noticed a six-headed hydra
  1461 | D        | Killed a six-headed hydra
  1461 | D        | Reached skill level 16 in Fighting
  1462 | D        | Killed a five-headed hydra
  1462 | D        | Reached XP level 10. HP: 128/128 MP: 10/10
  1485 | D        | Noticed an elephant
  1485 | D        | Noticed an elephant
  1485 | D        | Noticed an elephant
  1485 | D        | Noticed an elephant
  1485 | D        | Noticed an elephant
  1485 | D        | Noticed an elephant
  1487 | D        | Killed an elephant
  1487 | D        | Reached ****** piety under Trog
  1490 | D        | Killed an elephant
  1490 | D        | Received a gift from Trog
  1490 | D        | Reached skill level 17 in Fighting
  1492 | D        | Killed an elephant
  1493 | D        | Killed an elephant
  1493 | D        | Received a gift from Trog
  1498 | D        | Killed an elephant
  1502 | D        | Killed an elephant
  1511 | D        | Noticed an elephant
  1513 | D        | Noticed an elephant
  1520 | D        | Killed an elephant
  1528 | D        | Killed an elephant
  1654 | D        | Reached skill level 18 in Fighting
  1656 | D        | Noticed a stone giant
  1657 | D        | Received a gift from Trog
  1658 | D        | Got a translucent giant spiked club {god gift}
  1659 | D        | Identified the +5 giant spiked club of the Vase {crush,
                  | +Blink SInv} (Trog gifted it to you in the Dungeon)
  1671 | D        | Killed a stone giant
  1671 | D        | Reached XP level 11. HP: 113/143 MP: 11/11
  1678 | D        | Received a gift from Trog
  1690 | D        | Got a smoking dire flail {god gift}
  1691 | D        | Identified the +1 dire flail of Awkwardness {crush, rC+ rN+
                  | Int+2} (Trog gifted it to you in the Dungeon)
  1831 | D        | Noticed an orc knight
  1851 | D        | Killed an orc knight
  1868 | D        | Received a gift from Trog
  2064 | D        | Found Ekhlej's Distillery.
  2064 | D        | Noticed a deep troll
  2064 | D        | Noticed a deep troll
  2064 | D        | Noticed a deep troll
  2067 | D        | Noticed a deep troll
  2068 | D        | Killed a deep troll
  2068 | D        | Reached skill level 19 in Fighting
  2071 | D        | Killed a deep troll
  2076 | D        | Killed a deep troll
  2079 | D        | Killed a deep troll
  2105 | D        | Found Hiniavus's Armour Shop.
  2109 | D        | Found Ytuliyrcho's Book Boutique.
  2111 | D        | Noticed a deep troll
  2112 | D        | Found Zucvusic's Magic Scroll Shop.
  2114 | D        | Noticed an ogre mage
  2114 | D        | Noticed a deep troll
  2118 | D        | Noticed a deep troll
  2120 | D        | Killed a deep troll
  2120 | D        | Received a gift from Trog
  2130 | D        | Killed an ogre mage
  2132 | D        | Killed a deep troll
  2132 | D        | Reached skill level 20 in Fighting
  2136 | D        | Killed a deep troll
  2136 | D        | Reached skill level 15 in Dodging
  2284 | D        | Got the +2 great mace of Ytyn {crush, *Drain rF++ Int+4}
  2344 | D        | Noticed a skeletal warrior
  2347 | D        | Reached skill level 15 in Maces & Flails
  2350 | D        | Noticed an ogre mage
  2351 | D        | Reached skill level 1 in Armour
  2354 | D        | Killed a skeletal warrior
  2354 | D        | Received a gift from Trog
  2354 | D        | Noticed a wizard
  2355 | D        | Got a steaming giant spiked club {god gift}
  2358 | D        | Noticed an ice dragon
  2383 | D        | Noticed a deep troll earth mage
  2388 | D        | Noticed a rakshasa
  2389 | D        | Killed an ogre mage
  2389 | D        | Reached XP level 12. HP: 118/158 MP: 12/12
  2394 | D        | Killed an ice dragon
  2398 | D        | Killed a deep troll earth mage
  2398 | D        | Received a gift from Trog
  2401 | D        | Killed a rakshasa
  2401 | D        | Reached skill level 21 in Fighting
  2407 | D        | Identified the +7 giant spiked club "Wuqo" {crush, rC++ MR+
                  | Dex-3} (Trog gifted it to you in the Dungeon)
  2470 | D        | Noticed an ogre mage
  2471 | D        | Noticed a stone giant
  2480 | D        | Killed a stone giant
  2480 | D        | Reached skill level 5 in Armour
  2482 | D        | Killed an ogre mage
  2950 | D        | Noticed Nergalle
  2951 | D        | Noticed Snorg
  2959 | D        | Killed Nergalle
  2959 | D        | Received a gift from Trog
  2959 | D        | Reached skill level 1 in Throwing
  2966 | D        | Killed Snorg
  3054 | D        | Noticed Erolcha
  3065 | D        | Killed Erolcha
  3111 | D        | Noticed Azrael
  3125 | D        | Killed Azrael
  3130 | D        | Received a gift from Trog
  3244 | D        | Noticed a naga warrior
  3244 | D        | Noticed a shock serpent
  3244 | D        | Noticed a naga warrior
  3249 | D        | Noticed a nagaraja
  3258 | D        | Killed a naga warrior
  3265 | D        | Killed a shock serpent
  3278 | D        | Killed a nagaraja
  3278 | D        | Reached skill level 22 in Fighting
  3278 | D        | Reached skill level 5 in Throwing
  3278 | D        | Reached XP level 13. HP: 67/171 MP: 13/13
  3286 | D        | Received a gift from Trog
  3296 | D        | Received a gift from Trog
  3766 | D        | Received a gift from Trog
  4193 | D        | Received a gift from Trog
  4199 | D        | Received a gift from Trog
  4209 | D        | Noticed a ghost moth
  4216 | D        | Killed a ghost moth
  4219 | D        | HP: 7/174 [poisoned by a ghost moth]
  4578 | D        | Received a gift from Trog
  4591 | D        | Reached skill level 23 in Fighting
  4613 | D        | Received a gift from Trog
  4803 | D        | Noticed Rupert
  4809 | D        | Killed Rupert
  4829 | D        | Noticed Maurice
  4833 | D        | Killed Maurice
  4833 | D        | Received a gift from Trog
  4870 | D        | Noticed a lich
  4870 | D        | Noticed a frost giant
  4870 | D        | Noticed a spark wasp
  4870 | D        | Noticed a stone giant
  4871 | D        | Noticed a tentacled monstrosity
  4873 | D        | Killed a stone giant
  4873 | D        | Reached skill level 10 in Armour
  4874 | D        | Noticed a fire giant
  4880 | D        | Noticed an ettin
  4882 | D        | Reached skill level 10 in Throwing
  4882 | D        | Reached XP level 14. HP: 73/185 MP: 14/14
  4890 | D        | Noticed a stone giant
  4891 | D        | Killed a frost giant
  4891 | D        | Received a gift from Trog
  4892 | D        | Killed from afar by a lich

Skill      XL: |  1  2  3  4  5  6  7  8  9 10 11 12 13 |
---------------+----------------------------------------+-----
Maces & Flails | 3 4 7 8 9 11 12 13 15 16 17 | 17.9
Dodging        | 3 4 7 8 9 11 12 13 15 16 17 | 17.4
Fighting       | 5 6 7 10 11 13 15 16 18 20 22 23 | 23.7
Armour         | 3 7 10 | 10.5
Throwing       | 5 10 | 10.4

Action                   |  1- 3 |  4- 6 |  7- 9 | 10-12 | 13-15 || total
-------------------------+-------+-------+-------+-------+-------++-------
Melee: Mace              |    45 |       |       |       |       ||    45
       Morningstar       |       |    15 |    46 |       |       ||    61
       Great mace        |       |       |     3 |    28 |       ||    31
       Giant spiked club |       |       |       |   135 |   113 ||   248
Throw: Large rock        |       |       |       |       |     1 ||     1
Invok: Berserk           |     1 |     1 |     3 |     3 |     1 ||     9
       Brothers in Arms  |       |       |     2 |     7 |     1 ||    10
       Trog's Hand       |       |       |       |     4 |     1 ||     5
  Use: Potion            |       |       |       |     2 |     1 ||     3
  Eat: Chunk             |       |       |     4 |    11 |     2 ||    17
       Ration            |       |       |     1 |     1 |     1 ||     3
Armor: Animal skin       |     9 |     4 |    11 |    13 |       ||    37
       Storm dragon scal |       |       |       |    56 |    76 ||   132
Dodge: Dodged            |    22 |    12 |    36 |    95 |    87 ||   252
